 Dungeon Crawl Stone Soup version 0.13.0-15-g9204fa6 (webtiles) character file.

112 Impy the Ogre Mage (level 3, -3/28 HPs)
             Began as an Ogre Wizard on Oct 20, 2013.
             Killed from afar by a hobgoblin (11 damage)
             ... with a wand of flame
             ... on Level 2 of the Dungeon.
             The game lasted 00:08:32 (1563 turns).

Impy the Ogre Mage (Ogre Wizard)                    Turns: 1563, Time: 00:08:33

HP  -3/28        AC  3     Str 12      XL: 3   Next: 60%
MP   4/10        EV  9     Int 18      God:
Gold 68          SH  0     Dex  8      Spells:  4 memorised,  1 level left

Res.Fire  : . . .   See Invis. : .   h - +0 club
Res.Cold  : . . .   Warding    : .   a - +0 robe
Life Prot.: . . .   Conserve   : .   (shield restricted)
Res.Poison: .       Res.Corr.  : .   b - +0 wizard hat
Res.Elec. : .       Clarity    : .   (no cloak)
Sust.Abil.: . .     Spirit.Shd : .   (gloves unavailable)
Res.Mut.  : .       Stasis     : .   (boots unavailable)
Res.Rott. : .       Flight     : .   (no amulet)
Saprovore : + . .                    (no ring)
                                     (no ring)

@: very slightly contaminated, slightly resistant to hostile enchantments,
unstealthy
A: unfitting armour, fast metabolism 1, saprovore 1, tough skin 1
a: no special abilities


You were on level 2 of the Dungeon.
You were not hungry.

You visited 1 branch of the dungeon, and saw 2 of its levels.

You collected 48 gold pieces.

Inventory:

Hand weapons
 h - a +0,+0 club (weapon)
Armour
 a - a +0 robe (worn)
 b - a +0 wizard hat (worn)
Comestibles
 d - 2 meat rations
 i - a bread ration
 k - a chunk of giant cockroach flesh
Scrolls
 e - 2 scrolls of identify {unknown}
Jewellery
 m - a cursed ring of teleportation {unknown}
Potions
 f - a potion of brilliance {unknown}
 g - 2 potions of curing {unknown}
 j - a potion of speed {unknown}
 l - a potion of invisibility {unknown}
Books
 c - a book of Minor Magic

   Spells                             Type                      Level
   *Magic Dart                        Conjuration                  1
   *Blink                             Translocation                2
   Call Imp                           Summoning                    2
   Repel Missiles                     Charms/Air                   2
   Slow                               Hexes                        2
   *Conjure Flame                     Conjuration/Fire             3
   *Mephitic Cloud                    Conjuration/Poison/Air       3


   Skills:
 + Level 2.1 Fighting
 + Level 1.3 Maces & Flails
 - Level 1.7 Dodging
 - Level 1.5 Stealth
 + Level 4.1 Spellcasting
 - Level 1.2 Conjurations
   Level 0.6 Summonings
 - Level 0.6 Translocations


You had one spell level left.
You knew the following spells:

 Your Spells              Type           Power        Failure   Level  Hunger
a - Magic Dart            Conj           #...         12%         1    None
b - Blink                 Tloc           N/A          17%         2    #......
c - Mephitic Cloud        Conj/Pois/Air  #.......     43%         3    ###....
d - Conjure Flame         Conj/Fire      #.......     34%         3    ###....


Dungeon Overview and Level Annotations

Branches:
Dungeon (2/27)

Altars:
Vehumet


Innate Abilities, Weirdness & Mutations

You are too large for most types of armour.
You have a fast metabolism.
You can tolerate rotten meat.
You have tough skin (AC +1).


Message History

The hobgoblin zaps a wand.
The puff of flame hits you!
* * * LOW HITPOINT WARNING * * *
Casting: Mephitic Cloud
Confirm with . or Enter, or press ? or * to list all spells.
Aiming: Mephitic Cloud
Press: ? - help, Shift-Dir - straight line, f - kobold
Aim: a kobold, wielding an orcish club The beam explodes into a vile cloud!
The stinking cloud engulfs the kobold.
The stinking cloud engulfs the hobgoblin.
The kobold is engulfed in noxious fumes.
The kobold appears confused.
The kobold barely misses the hobgoblin.
Casting: Mephitic Cloud
Confirm with . or Enter, or press ? or * to list all spells.
Aiming: Magic Dart
Press: ? - help, Shift-Dir - straight line, f/p - kobold
Aim: a kobold, wielding an orcish club (noxious fumes, heavily wounded, bewildered and confused)
The magic dart hits the kobold.
You kill the kobold!
The hobgoblin zaps a wand.
The puff of flame hits you!
You die...

#.#.........#
#.########### #.# #.#
########.# .........#
#.....#..## #########
.....#...####.......#
#............@....##.#
.....#...####.##.#
######..##
##.##.##.### #..#
#.§§........ ....#
#.§.g...g.#. ####+#
#.###....... #. ...#._
#. ..... #. ....#


You could see a hobgoblin.

Vanquished Creatures
  2 worms (D:2)
  2 goblins
  3 hobgoblins (D:1)
  6 jackals (D:1)
  5 kobolds
  7 bats (D:1)
  2 giant cockroaches
  3 giant newts (D:1)
  2 rats
  2 toadstools (D:1)
34 creatures vanquished.

Vanquished Creatures (others)
  2 toadstools (D:1)
2 creatures vanquished.

Grand Total: 36 creatures vanquished

Notes
Turn   | Place    | Note
--------------------------------------------------------------
     0 | D:1      | Impy, the Ogre Wizard, began the quest for the Orb.
     0 | D:1      | Reached XP level 1. HP: 14/14 MP: 5/5
   202 | D:1      | Reached skill level 1 in Fighting
   406 | D:1      | Reached skill level 1 in Conjurations
   406 | D:1      | Reached XP level 2. HP: 22/22 MP: 1/7
   484 | D:1      | Learned a level 2 spell: Blink
  1067 | D:1      | Reached skill level 1 in Maces & Flails
  1067 | D:1      | Reached XP level 3. HP: 28/28 MP: 6/9
  1072 | D:1      | Learned a level 3 spell: Mephitic Cloud
  1076 | D:1      | Learned a level 3 spell: Conjure Flame
  1129 | D:2      | Reached skill level 4 in Spellcasting
  1554 | D:2      | Found a radiant altar of Vehumet.
  1563 | D:2      | Killed from afar by a hobgoblin

Action                   || total
-------------------------++-------
Melee: Unarmed           ||    19
       Club              ||    43
 Cast: Magic Dart        ||    72
       Conjure Flame     ||     3
       Mephitic Cloud    ||     1
